 Dungeon Crawl Stone Soup version 0.23-a0-512-g50a8178 (webtiles) character file.

1933 emperorscorpion the Grappler (level 8, -1/79 HPs)
             Began as a Troll Berserker on Dec 4, 2018.
             Was a Believer of Trog.
             Slain by a killer bee (3 damage)
             ... while paralysed
             ... on level 8 of the Dungeon.
             The game lasted 00:04:38 (1835 turns).

emperorscorpion the Grappler (Troll Berserker)      Turns: 1835, Time: 00:04:39

Health: -1/79      AC:  5    Str: 26 (28) XL:     8   Next: 97%
Magic:  7/7        EV:  1    Int:  0 (3)  God:    Trog [**....]
Gold:   219        SH:  0    Dex:  8 (9)  Spells: 7/7 levels left

rFire    . . .     SeeInvis .     - Unarmed
rCold    . . .     Gourm    +   (no shield)
rNeg     . . .     Faith    .   a - +0 animal skin
rPois    .         Spirit   .   (helmet restricted)
rElec    .         Reflect  .   (no cloak)
rCorr    .         Harm     .   (gloves unavailable)
MR       .....                  (boots unavailable)
Stlth    +.........             (no amulet)
HPRegen  0.63/turn              (no ring)
MPRegen  0.10/turn              (no ring)

@: paralysed, lethally poisoned (-1 -> -8), berserk cooldown, hasted and slowed,
lost intelligence
A: large, unfitting armour, claws 3, fast metabolism 3, gourmand, regeneration
1, shaggy fur 1, tough skin 2
a: Berserk, Trog's Hand, Renounce Religion


You were on level 8 of the Dungeon.
You worshipped Trog.
Trog was pleased with you.
You were not hungry.

You visited 1 branch of the dungeon, and saw 8 of its levels.
You also visited: Ossuary.

You collected 219 gold pieces.

Inventory:

Missiles
 h - 6 tomahawks (quivered)
 k - 4 javelins
Armour
 a - a +0 animal skin (worn)
Scrolls
 c - 2 scrolls of teleportation
 f - 6 scrolls of remove curse {unknown}
 g - 3 scrolls of enchant armour {unknown}
 j - 6 scrolls of identify {unknown}
 l - a scroll of fog {unknown}
 m - a scroll of fear {unknown}
 p - 2 scrolls of blinking {unknown}
Potions
 e - a potion of degeneration
 i - 3 potions of flight {unknown}
 n - 2 potions of heal wounds {unknown}
 o - 2 potions of lignification {unknown}
Comestibles
 b - 5 rations


   Skills:
 + Level 4.4 Fighting
 + Level 5.1 Dodging
 + Level 0.7 Stealth
 + Level 9.6 Unarmed Combat


You had 7 spell levels left.
You didn't know any spells.
Your spell library was empty.

Dungeon Overview and Level Annotations

Branches:
Dungeon (8/15)
 Temple: D:4-7         Lair: D:8-11

Altars:
Makhleb


Innate Abilities, Weirdness & Mutations

You are too large for most types of armour.
You have claws for hands.
Your metabolism is lightning-fast.
You like to eat raw meat.
Your natural rate of healing is unusually fast.
You are covered in fur. (AC +1)
You have very tough skin. (AC +2)


Message History

You barely miss the killer bee.
The killer bee is moderately wounded.
You feel sick. The killer bee stings you.
* * * LOW HITPOINT WARNING * * *
You are lethally poisoned!
The killer bee poisons you! The killer bee stings you.
* * * LOW HITPOINT WARNING * * *
The killer bee barely misses you.
It was a potion of haste.
You feel yourself speed up.
* * * LOW HITPOINT WARNING * * *
You feel very sick. The killer bee barely misses you.
The killer bee closely misses you.
The killer bee stings you but does no damage.
It was a potion of degeneration.
There was something very wrong with that liquid.
You feel weakened.
You feel dopey.
You have lost your intelligence.
You feel clumsy.
* * * LOW HITPOINT WARNING * * *
You feel sick. The killer bee stings you.
You die...

... ... ... #.# ... #y#
#y# #@# ..# #)# #.#
##(## #.# #...# #.# #
#.#.# #.#### . #...#
#.##.##. ##.##
######.)...#.
#...###.).)........
......#...#.#######...)


You could see 2 killer bees.

Vanquished Creatures
  A two-headed ogre (D:8)
  A hippogriff (D:7)
  An orc warrior (D:8)
  A phantom (D:8)
  2 ogres
  A centaur (D:8)
  An elf zombie (Ossuary)
  2 scorpions
  2 killer bees (D:8)
  A crimson imp (D:6)
  A human zombie (Ossuary)
  A hound (D:4)
  4 orc wizards
  A centaur skeleton (D:4)
  An iguana (D:5)
  2 worker ants
  3 hound zombies (Ossuary)
  4 mummies (Ossuary)
  A shadow imp (D:5)
  An adder zombie (Ossuary)
  A worm (D:6)
  2 orcs
  2 ball pythons (D:1)
  2 giant cockroaches
  A goblin (D:1)
  2 hobgoblins (D:1)
  6 bats
  A frilled lizard (D:3)
  4 goblin zombies (Ossuary)
  2 rats
  2 rat zombies (Ossuary)
57 creatures vanquished.

Notes
Turn   | Place    | Note
-------+----------+-------------------------------------------
     0 | D:1      | emperorscorpion the Troll Berserker began the quest for the
                  | Orb.
     0 | D:1      | Reached XP level 1. HP: 22/22 MP: 0/0
   230 | D:1      | Reached XP level 2. HP: 28/29 MP: 1/1
   615 | D:4      | Noticed an ogre
   615 | D:4      | Noticed a scorpion
   617 | D:4      | Killed a scorpion
   617 | D:4      | Reached XP level 3. HP: 37/37 MP: 2/2
   623 | D:4      | Killed an ogre
   623 | D:4      | Reached skill level 4 in Unarmed Combat
   623 | D:4      | Reached XP level 4. HP: 44/45 MP: 3/3
   623 | D:4      | Reached XP level 5. HP: 52/53 MP: 4/4
   680 | D:4      | Found a burning altar of Makhleb.
   998 | D:5      | Entered Level 5 of the Dungeon
  1005 | D:4      | Reached ** piety under Trog
  1008 | D:4      | Reached skill level 5 in Unarmed Combat
  1008 | D:4      | Reached XP level 6. HP: 56/61 MP: 5/5
  1351 | D:6      | Found a sand-covered staircase.
  1358 | Ossuary  | Entered an ossuary
  1427 | Ossuary  | Reached skill level 6 in Unarmed Combat
  1427 | Ossuary  | Reached XP level 7. HP: 56/68 MP: 6/6
  1617 | D:7      | Noticed a hippogriff
  1625 | D:7      | Killed a hippogriff
  1722 | D:8      | Reached skill level 7 in Unarmed Combat
  1768 | D:8      | Reached XP level 8. HP: 78/78 MP: 7/7
  1809 | D:8      | Noticed a two-headed ogre
  1819 | D:8      | Reached skill level 8 in Unarmed Combat
  1823 | D:8      | Killed a two-headed ogre
  1823 | D:8      | Reached skill level 5 in Dodging
  1823 | D:8      | Reached skill level 9 in Unarmed Combat
  1834 | D:8      | HP: 3/79 [poisoned by a killer bee]
  1835 | D:8      | Lost intelligence.
  1835 | D:8      | Slain by a killer bee

Vault maps used:
D:1:      lightli_arrival_lavapool, hex_intersection, serial_park_tiny_pond,
          minmay_split_cup_small
D:2:      hex_large, serial_bayou_pond_a, dk_vineyard_2, uniq_robin
D:3:      grunt_temple_overflow_magic_moments, lemuel_doored_altar,
          chequers_ecumenical_altar_grove, chequers_avenue
D:4:      bloody_makhleb, minmay_temple_entry_drinking_statues, minmay_rat_hole
D:5:      first_ration, nicolae_qazlal_eye_of_the_storm
D:6:      kennysheep_little_box, chequers_ossuary_entry_cave
D:7:      minmay_angry_zag, cheibriados_altar_1, evilmike_ruin_ashenzari,
          gammafunk_temple_overflow_statue, kennysheep_another_room
D:8:      nicolae_overflow_hidden_temple, uniq_erica
Ossuary:  ossuary_minmay_tomb_2a

Skill      XL: |  1  2  3  4  5  6  7  8 |
---------------+-------------------------+-----
Fighting       | 3 4 |  4.4
Dodging        | 3 4 5 |  5.1
Unarmed Combat | 4 5 6 7 9 |  9.6
Stealth        | |  0.7

Action                   |  1- 3 |  4- 6 |  7- 9 || total
-------------------------+-------+-------+-------++-------
Melee: Unarmed           |    40 |   103 |    63 ||   206
       Punch             |     1 |     1 |     2 ||     4
Invok: Berserk           |     1 |     1 |     3 ||     5
  Use: Scroll            |       |     2 |       ||     2
       Potion            |       |       |     2 ||     2
  Eat: Chunk             |    11 |     3 |     5 ||    19
       Ration            |       |       |     1 ||     1
Armor: Animal skin       |    24 |    35 |    12 ||    71
Dodge: Dodged            |    21 |    51 |    23 ||    95

Table legend:
 A = Non-vault XP
 B = Vault XP
 C = Vault XP percentage of total XP
 D = Non-vault monster count
 E = Vault monster count
 F = Vault count percentage of total count
                 A         B        C        D         E       F
            +---------+---------+-------+---------+---------+-------
      Total |    2471 |     291 |  10.5 |      38 |      19 |  33.3
            +---------+---------+-------+---------+---------+-------
        D:1 |      12 |       5 |  29.4 |       8 |       3 |  27.3
        D:2 |       1 |       0 |   0.0 |       1 |       0 |   0.0
        D:3 |       3 |       0 |   0.0 |       3 |       0 |   0.0
        D:4 |     387 |       0 |   0.0 |       9 |       0 |   0.0
        D:5 |      46 |       0 |   0.0 |       2 |       0 |   0.0
        D:6 |      89 |       0 |   0.0 |       3 |       0 |   0.0
        D:7 |     250 |       0 |   0.0 |       1 |       0 |   0.0
        D:8 |    1683 |       0 |   0.0 |      11 |       0 |   0.0
    Ossuary |       0 |     286 | 100.0 |       0 |      16 | 100.0
            +---------+---------+-------+---------+---------+-------
